 Dungeon Crawl Stone Soup version 0.28-a0-1429-gf3d713df7a (webtiles) character file.

Game seed: 18132535531232731374

26 browni3141 the Shield-Bearer (level 3, 0/29 HPs)
             Began as a Human Fighter on Jan 9, 2022.
             Succumbed to a kobold's poison
             ... on level 1 of the Dungeon.
             The game lasted 00:01:34 (826 turns).

browni3141 the Shield-Bearer (Human Fighter)         Turns: 826, Time: 00:01:34

Health: 0/29       AC:  7    Str: 18    XL:     3   Next: 22%
Magic:  3/3        EV:  9    Int:  8    God:
Gold:   21         SH:  4    Dex: 12    Spells: 2/2 levels left

rFire   . . .      SeeInvis .   a - +0 long sword
rCold   . . .      Faith    .   c - +0 buckler
rNeg    + . .      Spirit   .   b - +0 scale mail
rPois   .          Reflect  .   (no helmet)
rElec   .          Harm     .   (no cloak)
rCorr   .          Rampage  .   k - +0 pair of gloves
Will    .....                   (no boots)
Stlth   ..........              (no amulet)
HPRegen 0.09/turn               f - ring of positive energy
MPRegen 0.08/turn               (no ring)

@: lethally poisoned (0 -> -17)
A: no striking features
a: no special abilities


You were on level 1 of the Dungeon.
You visited 1 branch of the dungeon, and saw 1 of its levels.

You collected 21 gold pieces.

Inventory:

Hand Weapons
 a - a +0 long sword (weapon)
Missiles
 e - 67 stones (quivered)
Armour
 b - a +0 scale mail (worn)
 c - a +0 buckler (worn)
 k - a +0 pair of gloves (worn)
Jewellery
 f - a ring of positive energy (left hand)
Scrolls
 g - a scroll of identify {unknown}
 h - a scroll of vulnerability {unknown}
 j - a scroll of teleportation {unknown}
Potions
 d - a potion of might
 i - a potion of magic


   Skills:
 - Level 3.0 Fighting
 * Level 2.7 Long Blades
 - Level 3.0 Armour
 * Level 3.5 Shields


You had 2 spell levels left.
You didn't know any spells.
Your spell library was empty.

Dungeon Overview and Level Annotations

Branches:
Dungeon (1/15)

Altars:


Message History

You are frozen.
The hobgoblin hits you but does no damage.
You hit the endoplasm.
You kill the endoplasm!
The kobold hits you but does no damage.
You barely miss the hobgoblin.
The hobgoblin hits you but does no damage.
The kobold barely misses you.
You hit the hobgoblin.
The hobgoblin is moderately wounded.
The hobgoblin barely misses you. The kobold closely misses you.
The hobgoblin hits you.
The kobold hits you with a +0 dagger of venom.
You are poisoned.
You hit the hobgoblin but do no damage.
The hobgoblin is moderately wounded.
You feel very sick. The hobgoblin barely misses you.
The kobold hits you with a +0 dagger of venom.
You are lethally poisoned!
You hit the hobgoblin but do no damage.
The hobgoblin is moderately wounded.
You feel very sick. The hobgoblin hits you.
* * * LOW HITPOINT WARNING * * *
The kobold closely misses you.
You are too injured to fight recklessly!
Unknown command.
* * * LOW HITPOINT WARNING * * *
You feel sick.
It was a potion of magic.
Magic courses through your body.
* * * LOW HITPOINT WARNING * * *
You feel sick.
The hobgoblin hits you but does no damage.
The kobold hits you but does no damage.
You are more poisoned.
Unknown command.
You slash the kobold!
You kill the kobold!
You die...

#.............#......###
+......................#
+......................#
...............###.....#
............###.# #.....#
...............#.###.....#
.......###...)............#
....... +................#
.......###@...............#
.........#g)..............#
.........#................#
..........................#
...........................
..........###..............
...........................
..........!................
............^..............


You could see a hobgoblin.

Vanquished Creatures
  3 bats (D:1)
  4 endoplasms (D:1)
  3 goblins (D:1)
  2 hobgoblins (D:1)
  3 jackals (D:1)
  A quokka (D:1)
  A ball python (D:1)
  3 frilled lizards (D:1)
  3 kobolds (D:1)
23 creatures vanquished.

Notes
Turn   | Place    | Note
-------+----------+-------------------------------------------
     0 | D:1      | browni3141 the Human Fighter began the quest for the Orb.
     0 | D:1      | Reached XP level 1. HP: 18/18 MP: 1/1
   223 | D:1      | Reached XP level 2. HP: 24/24 MP: 2/2
   746 | D:1      | Reached XP level 3. HP: 28/29 MP: 3/3
   826 | D:1      | Succumbed to a kobold's poison

Illustrated notes

Levels and vault maps discovered:
D:1:      dpeg_arrival_simpleton_a, layout_basic

Action                   || total
-------------------------++-------
Melee: Long sword        ||    62
  Use: Potion            ||     1
Armor: Scale mail        ||    34
Dodge: Dodged            ||    33
Block: Buckler           ||    10

Table legend: (Time is in decaauts)
 A = Elapsed time spent in this place.
 B = Non-inter-level travel time spent in this place.
 C = Inter-level travel time spent in this place.
 D = Time resting spent in this place.
 E = Time spent auto-exploring this place.
 F = Levels seen in this place.
 G = Mean time per level.
                   A        B        C        D        E       F      G
               +--------+--------+--------+--------+--------+-----+--------+
         Total |    845 |    845 |      0 |      5 |    656 |   1 |  845.0 |
       Dungeon |    845 |    845 |      0 |      5 |    656 |   1 |  845.0 |
               +--------+--------+--------+--------+--------+-----+--------+

Top non-repeatable levels by time:
     D:1: 845 daAuts
